Map: Odludzie

Players

WaceX

  • Race: Protoss Protoss
  • Spawn Location: 5:00

Bartok

  • Race: Zerg Zerg
  • Spawn Location: 5:00

basiek

  • Race: Terran Terran
  • Spawn Location: 5:00

MrsSöze - Winner!

  • Race: Zerg Zerg
  • Spawn Location: 11:00

Gracz - Winner!

  • Race: Protoss Protoss
  • Spawn Location: 9:00

Columbia - Winner!

  • Race: Terran Terran
  • Spawn Location: 11:00

VOD

Have the link to the VOD?

Description

Time

  • Played on: Feb. 29, 2016, 1:50 p.m.
  • Length: 16:13
Show
View Real Time Build Order
Export as new Build Order

WaceX Protoss 

Build Orders: 1 Gate Expand, Double Forge 

Get SALT Encoding   

  12  0:01  Probe (Chrono Boost)  
  13  0:11  Probe (Chrono Boost)  
  14  0:18  Pylon  
  14  0:23  Probe (Chrono Boost)  
  15  0:36  Probe (Chrono Boost)  
  16  0:46  Gateway  
  16  0:47  Probe (Chrono Boost)  
  17  0:57  Probe (Chrono Boost)  
  18  1:08  Probe (Chrono Boost)  
  19  1:18  Nexus  
  19  1:21  Probe (Chrono Boost)  
  20  1:27  Assimilator  
  20  1:32  Assimilator  
  20  1:47  Pylon  
  20  1:51  Cybernetics Core  
  21  1:54  Probe (Chrono Boost)  
  21  2:04  Probe (Chrono Boost)  
  22  2:15  Probe (Chrono Boost)  
  23  2:25  Probe (Chrono Boost)  
  24  2:34  Probe (Chrono Boost)  
  25  2:57  Probe (Chrono Boost)  
  26  3:06  Warp Gate (Chrono Boost)  
  26  3:07  Gateway  
  26  3:10  Gateway  
  26  3:26  Assimilator, Probe (Chrono Boost)  
  27  3:28  Forge  
  27  3:31  Forge, Probe (Chrono Boost)  
  28  3:37  Mothership Core  
  28  3:41  Probe  
  30  3:47  Twilight Council  
  31  3:51  Probe  
  32  3:58  Probe  
  32  3:59  Pylon  
  32  4:02  Pylon  
  33  4:04  Pylon  
  33  4:05  Assimilator  
  33  4:06  Probe  
  33  4:09  Protoss Ground Weapons Level 1 (Chrono Boost), Protoss Ground Armor Level 1 (Chrono Boost)  
  34  4:11  Probe  
  34  4:16  Probe  
  35  4:23  Robotics Facility, Probe  
  37  4:26  Pylon  
  37  4:29  Probe  
  38  4:35  Probe  
  39  4:41  Probe  
  40  4:48  Probe  
  41  4:53  Probe  
  42  5:00  Probe  
  42  5:04  Gateway  
  42  5:06  Gateway  
  43  5:10  Robotics Facility  
  43  5:15  Pylon  
  43  5:16  Stalker x2  
  47  5:29  Stalker  
  49  5:46  Probe x2  
  51  5:58  Stalker, Protoss Ground Armor Level 2 (Chrono Boost), Probe  
  51  5:59  Protoss Ground Weapons Level 2 (Chrono Boost), Stalker x2  
  58  6:05  Blink  
  58  6:07  Probe  
  59  6:11  Observer  
  59  6:18  Zealot x2  
  64  6:24  Immortal  
  68  6:31  Stalker x2  
  72  6:44  Zealot  
  72  6:46  Robotics Bay  
  74  6:51  Probe  
  74  6:53  Probe  
  76  7:08  Stalker  
  76  7:09  Stalker x3  
  76  7:11  Stalker  
  86  7:30  Pylon  
  86  7:32  Pylon  
  86  7:36  Pylon  
  86  7:38  Extended Thermal Lance (Chrono Boost)  
  86  7:39  Pylon  
  86  7:45  Pylon  
  86  7:47  Colossus  
  86  7:50  Colossus  
  98  8:06  Charge  
  98  8:19  Nexus  
  92  8:52  Pylon  
  92  8:54  Pylon  
  92  8:57  Pylon  
  61  9:46  Zealot  
  61  9:47  Zealot x4  
  61  9:51  Observer  
  61  9:52  Colossus  
  78  9:54  Protoss Ground Weapons Level 3 (Chrono Boost)  
  78  9:55  Protoss Ground Armor Level 3 (Chrono Boost)  
  78  10:10  Probe x2  
  80  10:17  Zealot x4  
  80  10:18  Assimilator, Zealot  
  90  10:22  Assimilator  
  90  10:24  Colossus  
  96  10:40  Gateway  
  96  10:44  Gateway  
  96  10:45  Stalker  
  96  10:46  Stalker x4  
  96  10:47  Gateway  
  106  11:08  Immortal  
  110  11:18  Immortal  
  75  11:47  Stalker x4  
  75  11:48  Stalker  
  75  11:51  Immortal  
  85  11:57  Colossus  
  87  12:09  Zealot x3  
  93  12:22  Protoss Shields Level 1 (Chrono Boost)  
  93  12:27  Stalker x5  
  93  12:29  Colossus  
  99  12:51  Colossus (Chrono Boost)  
  83  13:11  Zealot x4  
  83  13:12  Zealot x3  
  97  13:20  Stalker  
  97  13:24  Observer (Chrono Boost)  
  100  13:44  Observer x2 (Chrono Boost), Stalker  
  100  13:45  Stalker x4  
  114  14:02  Observer (Chrono Boost)  
  114  14:03  Observer (Chrono Boost)  
  114  14:05  Robotics Facility  
  114  14:21  Immortal (Chrono Boost)  
  114  14:22  Immortal (Chrono Boost)  
  118  14:36  Stalker  
  118  14:37  Stalker x6  
  131  14:55  Observer (Chrono Boost), Immortal (Chrono Boost)  
  133  15:14  Observer (Chrono Boost)  
Show
View Real Time Build Order
Export as new Build Order

Bartok Zerg 

Build Orders: Hatch First, Swarm Host 

Get SALT Encoding   

  12  1:34  Drone  
  12  1:35  Drone  
  14  1:40  Overlord  
  14  2:13  Drone x3  
  17  2:26  Hatchery  
  16  3:40  Drone x3  
  19  3:49  Extractor  
  19  3:55  Extractor  
  17  4:19  Drone x3  
  20  4:33  Drone  
  20  4:34  Drone x2  
  23  5:02  Drone x3  
  23  5:06  Drone  
  28  5:07  Drone  
  28  5:19  Spawning Pool  
  27  5:33  Drone  
  28  5:42  Overlord x3  
  28  6:09  Drone x5  
  33  6:15  Queen  
  35  6:24  Roach Warren  
  34  6:26  Hatchery  
  34  6:31  Drone  
  34  6:32  Drone  
  35  6:33  Queen  
  37  6:42  Extractor  
  37  6:45  Extractor, Drone  
  36  6:52  Zergling x8  
  40  7:40  Drone  
  40  7:41  Drone x2  
  43  7:51  Roach x7  
  57  7:54  Overlord x2  
  57  8:01  Evolution Chamber  
  57  8:05  Evolution Chamber, Drone  
  53  8:36  Zerg Melee Weapons Level 1  
  53  8:38  Zerg Missile Weapons Level 1  
  53  8:39  Lair  
  53  8:41  Metabolic Boost  
  53  8:44  Drone  
  53  8:46  Drone x2  
  56  8:49  Drone x2  
  58  9:16  Hatchery  
  57  9:17  Extractor  
  57  9:19  Hatchery  
  55  9:37  Glial Reconstitution  
  39  9:47  Roach  
  39  9:48  Roach x13  
  39  9:49  Overlord  
  39  9:50  Overlord x6  
  67  9:58  Infestation Pit  
  66  10:01  Overseer  
  66  10:02  Overseer x3  
  66  10:31  Queen  
  66  10:35  Drone  
  40  11:18  Swarm Host  
  40  11:19  Swarm Host x15  
  86  11:42  Hatchery  
  51  13:21  Hive  
  51  13:27  Overlord  
  51  13:28  Overlord x11  
  51  13:45  Queen  
  53  14:12  Drone x3  
  53  15:33  Roach x10  
Show
View Real Time Build Order
Export as new Build Order

basiek Terran 

Build Orders:  

Get SALT Encoding   

  12  0:01  SCV  
  13  0:25  Supply Depot, SCV  
  14  0:37  SCV  
  15  0:50  Refinery  
  15  0:53  Barracks  
  15  1:08  Barracks  
  15  1:20  Barracks  
  15  1:39  Supply Depot  
  15  1:40  Barracks Reactor  
  15  1:45  Supply Depot  
  15  1:57  Refinery  
  15  2:00  Reaper  
  16  2:12  Reaper  
  17  2:33  Reaper  
  17  2:34  Reaper  
  19  2:47  Reaper  
  20  3:04  Reaper  
  20  3:05  Reaper  
  22  3:25  Reaper  
  22  3:26  Reaper  
  24  3:28  Command Center  
  24  3:32  SCV  
  25  3:49  Supply Depot  
  22  4:29  Reaper x4  
  26  4:36  SCV  
  27  5:01  Reaper x2  
  27  5:04  Barracks Tech Lab  
  29  5:07  Barracks Tech Lab  
  29  5:14  Engineering Bay  
  28  5:52  Marauder  
  28  5:53  Marauder  
  28  5:54  Marine x2  
  34  5:57  SCV  
  33  6:11  Marine  
  33  6:14  Marauder x2  
  37  6:46  Marine x2, Marauder x2  
  43  7:04  Marine x2  
  43  7:07  Marauder  
  47  7:17  SCV x2  
  49  7:29  SCV x2  
  51  7:49  Planetary Fortress  
  51  7:54  Marauder  
  51  7:55  Marauder  
  46  8:16  Marauder x2  
  49  8:47  Marine  
  49  8:48  Marine x3  
  53  8:52  SCV x2  
  55  9:03  Refinery  
  55  9:04  SCV  
  55  9:05  Marine, SCV  
  55  9:06  Refinery, Marauder x2  
  40  9:28  Marauder x2  
  38  9:34  SCV x2  
  38  9:37  Marine  
  39  9:46  SCV x2  
  39  9:49  Marauder x2  
  45  10:05  SCV x2  
  47  10:09  Factory  
  47  10:17  SCV x2  
  47  10:20  Concussive Shells  
  49  10:24  Stimpack  
  49  10:29  SCV x2  
  51  10:41  SCV  
  51  10:42  SCV  
  53  10:53  SCV  
  54  11:05  Marine x2, Marauder x2  
  59  11:23  Marine x2  
  61  11:28  Factory Tech Lab  
  61  11:29  Marauder  
  62  11:34  Marauder  
  62  11:37  Supply Depot  
  60  11:40  Marine  
  60  11:41  Marine  
  60  11:42  Supply Depot  
  60  11:50  Marine  
  51  11:56  Marauder  
  51  11:58  Marine x2  
  55  12:08  Marine  
  54  12:16  Marine x2  
  54  12:17  Marine  
  54  12:18  Siege Tank  
  59  12:26  Marine  
  58  12:34  Marine  
  40  12:50  Siege Tank  
  39  13:22  Siege Tank  
  39  13:24  Marine  
  39  13:25  Marine x3  
  46  13:42  Marine  
  46  13:43  Marine x3  
  50  13:53  Missile Turret  
  50  13:55  Siege Tank  
  53  13:58  Missile Turret  
  53  14:00  Marine x4  
  57  14:05  SCV x2  
  57  14:08  Missile Turret  
  59  14:15  Missile Turret  
  59  14:17  SCV x2  
  59  14:18  Marine x4  
  65  14:26  Missile Turret  
  65  14:27  Siege Tank  
  65  14:28  Missile Turret  
  65  14:29  SCV  
  60  14:36  Marine x2  
Show
View Real Time Build Order
Export as new Build Order

MrsSöze Zerg - Winner!

Build Orders: Hatch First, Lurkers 

Get SALT Encoding   

  12  0:03  Drone  
  13  0:12  Overlord  
  13  0:16  Drone  
  14  0:31  Drone x2  
  14  0:35  Drone  
  17  0:56  Drone  
  17  0:57  Hatchery  
  17  1:13  Spawning Pool, Drone  
  17  1:17  Drone  
  18  1:20  Drone  
  19  1:26  Extractor  
  19  1:29  Drone  
  19  1:40  Overlord  
  19  1:50  Drone  
  20  1:59  Queen  
  22  2:04  Drone  
  23  2:08  Queen  
  23  2:09  Drone  
  26  2:16  Drone  
  26  2:17  Spine Crawler  
  26  2:19  Drone  
  27  2:29  Drone  
  28  2:31  Drone  
  28  2:34  Drone  
  30  2:38  Queen  
  30  2:42  Overlord  
  32  2:53  Roach Warren, Drone  
  32  3:00  Drone  
  33  3:07  Drone x2  
  33  3:12  Spore Crawler  
  34  3:14  Extractor, Drone x2  
  34  3:18  Spore Crawler  
  34  3:23  Lair  
  34  3:24  Drone  
  34  3:25  Drone  
  36  3:28  Drone  
  36  3:32  Overlord  
  37  3:40  Roach x2  
  41  3:42  Roach  
  43  4:00  Roach x3  
  43  4:01  Overlord  
  46  4:10  Spine Crawler  
  43  4:17  Roach  
  43  4:19  Roach x4  
  53  4:28  Overseer  
  53  4:33  Drone x2  
  53  4:34  Extractor, Drone x2  
  56  4:47  Drone  
  56  4:48  Hydralisk Den  
  56  4:53  Drone x2  
  58  5:01  Hatchery  
  58  5:06  Pneumatized Carapace  
  57  5:09  Drone  
  57  5:10  Drone  
  59  5:15  Overlord  
  59  5:18  Drone  
  60  5:25  Overlord  
  60  5:34  Overlord  
  60  5:36  Lurker Den  
  60  5:38  Drone x2  
  62  5:48  Hydralisk x2  
  66  5:50  Hydralisk  
  66  5:54  Drone  
  66  5:55  Drone  
  70  6:00  Extractor  
  70  6:01  Glial Reconstitution  
  69  6:14  Evolution Chamber  
  68  6:18  Hydralisk x3  
  68  6:20  Evolution Chamber  
  68  6:21  Drone  
  74  6:27  Drone x2  
  74  6:30  Queen  
  78  6:41  Drone  
  78  6:42  Drone x4  
  78  6:44  Drone  
  84  6:48  Zerg Missile Weapons Level 1  
  84  6:54  Zerg Ground Armor Level 1  
  84  6:55  Drone  
  84  7:00  Extractor  
  84  7:05  Overlord  
  84  7:06  Hydralisk  
  86  7:09  Muscular Augments  
  86  7:19  Overlord x2  
  86  7:22  Hydralisk x2  
  86  7:27  Lurker x3  
  93  7:43  Queen  
  93  7:44  Drone x3  
  97  7:51  Hydralisk x4  
  98  7:52  Overlord  
  98  7:58  Spore Crawler  
  105  8:02  Spine Crawler  
  104  8:15  Hydralisk x3  
  104  8:18  Drone x2  
  104  8:19  Drone x2  
  115  8:20  Drone  
  115  8:23  Overlord  
  115  8:24  Overlord  
  115  8:30  Lurker  
  115  8:31  Lurker x3  
  115  8:33  Drone  
  120  8:38  Extractor  
  119  8:57  Hydralisk x4  
  119  8:58  Hydralisk  
  119  8:59  Overlord  
  127  9:20  Hydralisk x2  
  119  9:28  Zerg Missile Weapons Level 2  
  119  9:29  Zerg Ground Armor Level 2  
  92  9:40  Hydralisk  
  92  9:41  Hydralisk x5  
  104  9:47  Lurker  
  105  9:55  Hatchery  
  105  9:59  Extractor  
  103  10:03  Lurker  
  103  10:04  Lurker x2  
  106  10:08  Extractor  
  106  10:09  Drone x2  
  107  10:16  Drone x3  
  107  10:17  Drone x4  
  107  10:18  Overlord x2  
  107  10:19  Overlord  
  114  10:22  Hydralisk  
  116  10:31  Infestation Pit  
  108  10:44  Hydralisk x3  
  108  10:45  Hydralisk x2  
  114  10:55  Hydralisk x3  
  120  10:57  Hydralisk  
  120  11:00  Drone x2  
  124  11:12  Lurker x4  
  110  11:36  Hydralisk x2  
  110  11:37  Hydralisk x2  
  110  11:38  Hydralisk x3  
  121  11:47  Hive  
  121  11:50  Hydralisk x5  
  131  11:56  Hydralisk  
  131  12:00  Queen, Drone  
  134  12:26  Hydralisk  
  134  12:27  Hydralisk x2  
  134  12:28  Hydralisk x3  
  134  12:29  Hydralisk x3  
  148  12:30  Hydralisk  
  142  12:47  Hydralisk x3  
  142  12:48  Hydralisk  
  142  12:51  Hydralisk  
  122  13:11  Overseer  
  122  13:12  Hydralisk x2, Overseer  
  122  13:13  Hydralisk x2  
  122  13:14  Hydralisk x3  
  136  13:20  Zerg Missile Weapons Level 3  
  136  13:22  Drone x2  
  138  13:35  Hydralisk x2  
  138  13:36  Hydralisk x2  
  138  13:37  Hydralisk  
  138  13:40  Drone  
  138  13:41  Drone  
  150  13:55  Lurker x4  
  154  13:57  Lurker  
  147  14:31  Hydralisk x6  
  131  14:32  Hydralisk  
  131  14:34  Hydralisk x3  
  147  14:47  Hydralisk  
  147  14:48  Hydralisk  
  151  14:54  Hydralisk x2  
  151  14:55  Hydralisk x2  
  151  14:56  Hydralisk x2, Overlord  
  163  15:05  Hydralisk x2  
  164  15:07  Hydralisk  
  162  15:17  Hydralisk  
  162  15:18  Hydralisk x3  
  162  15:19  Hydralisk  
  162  15:20  Hydralisk x3  
  164  15:28  Drone  
  147  15:45  Lurker x6  
  147  15:46  Hydralisk x3  
  147  15:48  Hydralisk x2  
  163  16:06  Lurker x2  
  163  16:07  Lurker x2  
Show
View Real Time Build Order
Export as new Build Order

Gracz Protoss - Winner!

Build Orders:  

Get SALT Encoding   

  12  0:06  Probe (Chrono Boost)  
  13  0:20  Probe (Chrono Boost)  
  14  0:25  Assimilator  
  14  0:30  Assimilator  
  14  0:31  Probe (Chrono Boost)  
  15  0:41  Pylon  
  15  1:00  Probe (Chrono Boost)  
  16  1:10  Probe (Chrono Boost)  
  17  1:14  Gateway  
  17  1:16  Gateway  
  17  1:21  Probe (Chrono Boost)  
  18  1:29  Pylon  
  18  1:31  Probe (Chrono Boost)  
  19  2:00  Probe (Chrono Boost)  
  20  2:02  Zealot  
  20  2:04  Zealot  
  24  2:10  Probe (Chrono Boost)  
  24  2:11  Cybernetics Core  
  25  2:56  Nexus  
  25  2:58  Stargate  
  25  3:11  Pylon  
  25  3:15  Pylon  
  25  3:29  Warp Gate (Chrono Boost)  
  25  3:32  Twilight Council  
  25  3:33  Probe  
  26  3:39  Assimilator  
  26  3:44  Assimilator  
  26  3:45  Probe  
  27  4:02  Probe  
  28  4:07  Probe  
  29  4:14  Probe  
  30  4:18  Probe  
  31  4:26  Mothership Core  
  31  4:28  Probe  
  34  4:33  Stargate  
  34  4:39  Probe  
  35  4:48  Probe  
  36  4:56  Probe  
  37  5:00  Probe  
  38  5:07  Probe  
  38  5:12  Probe  
  40  5:16  Void Ray  
  40  5:17  Robotics Facility, Probe  
  45  5:24  Probe  
  45  5:28  Forge  
  46  5:41  Void Ray  
  50  5:46  Stargate  
  42  6:42  Fleet Beacon  
  42  6:51  Robotics Facility  
  42  7:01  Robotics Bay  
  41  7:39  Pylon  
  41  7:43  Pylon  
  39  8:44  Stargate  
  39  8:45  Stargate  
  39  8:48  Stargate  
  39  8:49  Stargate  
  39  8:54  Stargate x2  
  26  9:12  Void Ray x3  
  38  9:18  Stalker x2  
  42  9:25  Probe  
  43  9:35  Probe  
  44  9:46  Probe  
  45  9:55  Void Ray  
  45  9:56  Probe  
  45  9:59  Void Ray  
  54  10:04  Void Ray  
  58  10:16  Stalker  
  60  10:53  Pylon  
  60  10:57  Void Ray  
  60  10:58  Void Ray  
  42  12:16  Void Ray x6  
  54  12:54  Void Ray  
  54  12:57  Probe  
  58  12:59  Void Ray  
  63  13:07  Probe  
  66  13:13  Mothership Core  
  66  13:18  Probe  
  67  13:27  Tempest  
  71  13:45  Protoss Air Armor Level 1 (Chrono Boost)  
  73  14:56  Void Ray  
  77  15:11  Pylon  
  77  15:29  Void Ray x2  
Show
View Real Time Build Order
Export as new Build Order

Columbia Terran - Winner!

Build Orders:  

Get SALT Encoding   

  12  0:24  Supply Depot  
  12  0:29  SCV  
  13  0:41  SCV  
  14  0:51  Barracks  
  14  0:53  SCV  
  15  1:32  Barracks  
  15  1:36  Command Center  
  15  1:56  Refinery  
  15  1:58  Marine  
  16  2:03  SCV  
  17  2:16  Marine  
  17  2:21  Refinery  
  18  2:23  Marine  
  19  2:32  Supply Depot  
  19  2:33  Marine  
  19  2:34  SCV  
  21  2:41  Marine  
  22  2:51  Marine  
  23  2:59  Marine, SCV  
  25  3:05  Orbital Command  
  25  3:09  Marine  
  25  3:11  SCV  
  27  3:16  Marine, Supply Depot  
  28  3:23  SCV  
  29  3:34  Marine  
  29  3:35  SCV  
  31  3:47  SCV  
  32  3:49  Barracks Tech Lab  
  32  4:04  Supply Depot  
  32  4:18  Reaper  
  32  4:20  Combat Shields  
  33  4:26  Barracks Reactor  
  33  4:47  Barracks  
  33  4:56  Engineering Bay  
  33  5:10  Marine  
  33  5:11  Marine  
  37  5:14  Marauder  
  37  5:25  Terran Infantry Weapons Level 1  
  37  5:28  Marine x2  
  41  5:35  Marauder  
  41  5:39  Concussive Shells  
  41  5:46  Marine x2  
  44  5:57  Marauder  
  44  6:04  Marine x2  
  48  6:18  Marauder  
  48  6:21  Supply Depot  
  50  6:40  Marauder  
  50  7:03  Barracks Reactor  
  50  7:10  Factory  
  50  7:20  Terran Infantry Armor Level 1  
  50  7:30  Sensor Tower  
  32  8:41  Marine x2  
  32  8:43  Marine x2  
  32  8:46  Marauder  
  37  8:59  Marine x2  
  37  9:01  Marine x2  
  33  9:08  Marauder  
  34  9:17  Marine x2  
  32  9:19  Marine x2  
  36  9:29  Marauder  
  38  9:34  Marine  
  38  9:35  Marine  
  38  9:37  Marine x2  
  42  9:51  Marauder  
  44  10:00  Marine x2  
  44  10:04  Marine  
  44  10:05  Marine  
  48  10:12  Marauder  
  50  10:16  Starport  
  50  10:18  Marine x2, SCV  
  53  10:22  Marine x2  
  53  10:28  Factory Tech Lab  
  55  10:30  SCV  
  55  10:33  Marauder  
  58  10:35  Marine  
  58  10:36  Marine  
  58  10:38  Starport  
  58  10:40  Marine x2  
  58  10:42  SCV  
  63  10:53  Marine  
  63  10:54  Marine, SCV  
  63  10:55  Marauder  
  68  10:58  Marine x2  
  70  11:06  SCV  
  71  11:16  Marauder  
  59  11:41  Starport Reactor  
  59  11:42  Medivac  
  61  11:48  Supply Depot  
  61  11:49  Marine x2  
  64  11:56  Marauder  
  64  11:57  Marine  
  64  11:58  Marine  
  67  12:07  Marine x2  
  69  12:12  Medivac  
  69  12:15  Marine x2  
  71  12:17  Marauder  
  75  12:24  Marine  
  75  12:25  Marine  
  76  12:33  Marine x2  
  68  12:39  Marauder  
  68  12:42  Marine x2, Medivac  
  53  13:01  SCV  
  54  13:08  Marine  
  54  13:09  Marine  
  54  13:11  Marine x2  
  58  13:13  SCV  
  59  13:25  SCV  
  59  13:26  Marine x2  
  62  13:29  Marine x2  
  64  13:37  SCV  
  65  13:43  Stimpack  
  65  13:44  Marine x2  
  65  13:47  Marine x2  
  69  13:49  SCV  
  69  13:51  Armory  
  69  13:52  Medivac  
  69  13:53  Medivac  
  74  13:57  Supply Depot  
  74  14:02  Marine x2  
  76  14:04  Marine  
  76  14:05  Marine  
  34  15:38  Marine x2  
  34  15:41  Marine x2  
  38  15:44  Marauder  
  38  15:49  Barracks  
  40  15:55  Command Center  
Tags
 
Add a new tag
Caveats
  • Supply blocks, unpowered buildings, or Contaminate may cause inaccurate times.
  • Supply counts are checked every 10 seconds.